 Dungeon Crawl Stone Soup version 0.18-a0-917-g8a3da5b (webtiles) character file.

289 JokEr the Cutter (level 6, -4/43 HPs)
             Began as a High Elf Skald on Dec 25, 2015.
             Killed from afar by Terence (8 damage)
             ... with a wand of magic darts
             ... on level 2 of the Dungeon on Dec 26, 2015.
             The game lasted 00:09:37 (4324 turns).

JokEr the Cutter (High Elf Skald)                   Turns: 4324, Time: 00:09:37

Health: -4/43      AC:  3    Str: 11    XL:     6   Next: 9%
Magic:  7/10       EV: 11    Int: 17    God:
Gold:   162        SH:  0    Dex: 16    Spells: 2 memorised, 6 levels left

rFire  . . .     SeeInvis .     a - +0 short sword
rCold  + . .     Gourm    .     h - +0 leather armour
rNeg   . . .     Faith    .     (no shield)
rPois  .         Spirit   .     (no helmet)
rElec  .         Dismiss  .     (no cloak)
rCorr  .         Reflect  .     (no gloves)
SustAt .         Harm     .     (no boots)
MR     .....                    (no amulet)
Stlth  ++........               (no ring)
                                i - ring of protection from cold

@: infused, not resistant to hostile enchantments, unstealthy
A: no striking features
a: no special abilities


You were on level 2 of the Dungeon.
You were not hungry.

You visited 1 branch of the dungeon, and saw 2 of its levels.

You collected 162 gold pieces.

Inventory:

Hand Weapons
 a - a +0 short sword (weapon)
Armour
 b - a +0 chain mail
 h - a +0 leather armour (worn)
Jewellery
 i - a ring of protection from cold (left hand)
 j - a cursed ring of teleportation {unknown}
Wands
 e - a wand of slowing (32/48)
Potions
 k - a potion of curing {unknown}
 l - a potion of mutation {unknown}
Books
 c - a book of Battle

   Spells                             Type                      Level
   a - Infusion                       Charms                       1
   b - Shroud of Golubria             Charms/Translocation         2
   c - Song of Sleighing              Charms                       2
   d - Spectral Weapon                Hexes/Charms                 3
   e - Regeneration                   Charms/Necromancy            3
Comestibles
 d - a bread ration
 f - 5 fruits
 g - a beef jerky


   Skills:
 + Level 4.0 Fighting
 + Level 5.7 Short Blades
 - Level 0.8 Armour
 - Level 1.1 Dodging
 + Level 2.6 Stealth
 - Level 2.4 Spellcasting
 - Level 3.6 Charms


You had 6 spell levels left.
You knew the following spells:

 Your Spells              Type           Power        Failure   Level  Hunger
a - Infusion              Chrm           ##....       8%          1    #......
b - Shroud of Golubria    Chrm/Tloc      #.........   21%         2    ##.....


Dungeon Overview and Level Annotations

Branches:
Dungeon (2/15)

Altars:

Annotations:
D:2 Terence


Message History

Drink which item? (? for menu, Esc to quit)
Okay, then.
You hit Terence.
Terence is lightly wounded.
Terence zaps a wand.
The magic dart hits you!
* * * LOW HITPOINT WARNING * * *
You hit Terence but do no damage.
Terence is lightly wounded.
Terence zaps a wand.
The magic dart hits you!
* * * LOW HITPOINT WARNING * * *
You barely miss Terence.
Terence is lightly wounded.
Terence hits you with a flail.
* * * LOW HITPOINT WARNING * * *
You hit Terence.
Terence is moderately wounded.
You closely miss Terence.
Terence is moderately wounded.
Terence zaps a wand.
The magic dart hits you!
You die...

,,,...#*>*
*,,.....,,,,,,,,,,,,,,
,,....**,*
*,,,...,,,**,**,*****,
#....***,*
*,,,...,,,**,**,*****, ..#.#*
*,* *,,,...,,,,,..,,,,,,,, ###.#
*,***,,*#.#*****.#*,*,**,, ....#
*,,,,,,*#.# *.##.#.##..
#...#######*,**#r# *.##.#.....
##.........,,###.# ##.#........
##.######***#..@#####..#........
##.### #..@......##........
##....# #...#####.##...#....
##...#.# ##..# #.....###...
#..#..(# #..# #.##.#.#..†.
.#.##.## #..#####.##.##.##..
.#.##.# *#..............##..
##.##.## *..######.##>#####..
...##..# *.## #....##...(.


You could see Terence and a rat.

Vanquished Creatures
  Sigmund (D:2)
  3 gnolls (D:2)
  3 adders
  An ooze (D:2)
  2 worms
  2 giant geckos (D:1)
  8 bats
  6 giant cockroaches
  6 goblins (D:1)
  5 hobgoblins (D:1)
  5 kobolds
  6 giant newts
  9 jackals
  6 rats (D:1)
63 creatures vanquished.

Notes
Turn   | Place    | Note
--------------------------------------------------------------
     0 | D:1      | JokEr the High Elf Skald began the quest for the Orb.
     0 | D:1      | Reached XP level 1. HP: 14/14 MP: 4/4
   438 | D:1      | Reached XP level 2. HP: 20/20 MP: 1/6
  1562 | D:1      | Reached XP level 3. HP: 22/25 MP: 7/7
  1847 | D:1      | Learned a level 2 spell: Shroud of Golubria
  1942 | D:2      | Noticed Sigmund
  1947 | D:2      | Reached skill level 1 in Stealth
  2459 | D:2      | Killed Sigmund
  2459 | D:2      | Reached skill level 5 in Short Blades
  2459 | D:2      | Reached XP level 4. HP: 24/33 MP: 1/8
  2459 | D:2      | Reached XP level 5. HP: 26/37 MP: 1/9
  3810 | D:2      | Reached XP level 6. HP: 25/43 MP: 4/10
  4015 | D:2      | Noticed Terence
  4319 | D:2      | Upgraded the game from 0.18-a0-912-g81d1dc4 to 0.18-a0-917-g8a3da5b
  4324 | D:2      | Killed from afar by Terence

Vault maps used:
D:1:      tarquinn_simple_flora_water_b
D:2:      minmay_misc_feat_five, nicolae_qazlal_general_emergency, uniq_terence,
          uniq_sigmund

Action                   |  1- 3 |  4- 6 || total
-------------------------+-------+-------++-------
Melee: Short sword       |   178 |   106 ||   284
 Cast: Infusion          |    10 |    10 ||    20
  Use: Scroll            |     4 |     1 ||     5
       Potion            |     1 |       ||     1
 Stab: Invisible         |     1 |       ||     1
       Sleeping          |       |     3 ||     3
  Eat: Chunk             |     5 |     4 ||     9
       Bread ration      |       |     1 ||     1
